 Dungeon Crawl Stone Soup version 0.31-a0-765-g67fe2935dc (webtiles) character file.

Game seed: 11161893264867277676

73 subawu the Changeling (level 4, -2/35 HPs)
             Began as a Draconian Shapeshifter on Sept 15, 2023.
             Was a Follower of Sif Muna.
             Slain by an orc priest
             ... wielding a +0 flail
              (5 damage)
             ... on level 3 of the Dungeon.
             The game lasted 00:06:05 (1383 turns).

subawu the Changeling (Draconian Shapeshifter)      Turns: 1383, Time: 00:06:06

Health: -2/35      AC:  5    Str: 18    XL:     4   Next: 8%
Magic:  4/4        EV: 12    Int: 11    God:    Sif Muna [*.....]
Gold:   171        SH:  0    Dex: 10    Spells: 3/3 levels left

rFire   . .          .
                       - Unarmed
rCold   . . .        (no shield)
rNeg    . . .        (body armour unavailable)
rPois   .            (helmet currently unavailable)
rElec   .            (cloak currently unavailable)
rCorr   .            (gloves currently unavailable)
SInv    .            (boots currently unavailable)
Will    .....        (no amulet)
Stlth   +            (no ring)
HPRegen 0.25/turn    (no ring)
MPRegen 0.09/turn

%: no passive effects
@: beast-form
A: beast (slay +2), AC +5, unfitting armour, cold-blooded
a: Begin Untransformation, Renounce Religion, Channel Magic


You were on level 3 of the Dungeon.
You worshipped Sif Muna.
Sif Muna was aware of your devotion.
You were a hulking beast.
You visited 1 branch of the dungeon, and saw 3 of its levels.

You collected 171 gold pieces.

Inventory:

Hand Weapons
 e - a +0 whip
Jewellery
 d - a ring of protection from fire
Talismans
 b - a beast talisman (active)
 c - a flux talisman
Scrolls
 f - a scroll of immolation {unknown}
Potions
 a - a potion of lignification
 g - a potion of cancellation {unknown}


   Skills:
 + Level 1.5 Fighting
 + Level 2.2 Dodging
 + Level 0.2 Stealth
 + Level 3.8 Unarmed Combat
 + Level 3.8 Shapeshifting


You had 3 spell levels left.
You didn't know any spells.
Your spell library contained the following spells:

 Spells                   Type           Power      Damage    Failure   Level
 Blink                    Tloc           0%         N/A       47%         2
 Wereblood                Tmut           0%         N/A       47%         2
 Manifold Assault         Tloc           0%         N/A       98%         4
 Irradiate                Conj/Tmut      0%         3d11      100%        5


Dungeon Overview and Level Annotations

Branches:
Dungeon (3/15)

Altars:
Sif Muna

Shops:
D:1 :


Innate Abilities, Weirdness & Mutations

You are a hulking beast.
Your limbs bulge with bestial killing power. (Slay +2)
Your plain brown scales are hard. (AC +5)
You cannot fit into any form of body armour.
You are cold-blooded and may be slowed by cold attacks.


Message History

You hear a shout!
The orc wizard closely misses you.
You hear a shout!
You barely miss the orc wizard.
The orc wizard is almost dead.
The orc closely misses you. The orc wizard closely misses you.
You punch the orc wizard!
You kill the orc wizard!
Sif Muna accepts your kill. The orc hits you with a +0 falchion.
The hobgoblin misses you.
You have reached level 4!
You feel clever. The orc misses you. The orc hits you but does no damage.
You hit the orc but do no damage.
Your tail-slap misses the orc.
The orc is lightly wounded.
The orc hits you but does no damage.
The hobgoblin hits you but does no damage.
The orc barely misses you.
You hit the orc.
The orc is heavily wounded.
The orc hits you with a +0 falchion.
The orc priest mumbles some strange prayers to Beogh against you.
Beogh smites you!
The orc hits you from afar with a +0 trident.
The hobgoblin hits you.
You closely miss the orc.
The orc is moderately wounded.
The orc hits you with a +0 falchion.
* * * LOW HITPOINT WARNING * * *
The hobgoblin closely misses you. The orc closely misses you.
The orc priest closely misses you.
You hit the hobgoblin.
The hobgoblin is heavily wounded.
The orc hits you with a +0 falchion.
* * * LOW HITPOINT WARNING * * *
The hobgoblin barely misses you.
The orc hits you from afar with a +0 trident.
* * * LOW HITPOINT WARNING * * *
The orc priest hits you with a +0 flail.
You die...

#.# # # #.# . ..
..# ##.#. #.#
..#. #.# ...# #.#
#.. #.# #
#..##.####### .
#.#.ogh........
..#.#..oo.#...###
......#o#.....#
#.....#.#.....#
......#.#..#..#
..#...o.......# #
#..)#.#....##
......#.....$..
###.. #.(#.#...


You could see 2 orc priests, 3 orcs and a hobgoblin.

Vanquished Creatures
  An orc wizard (D:3)
  2 adders (D:2)
  6 endoplasms
  2 giant cockroaches (D:2)
  3 hobgoblins
  3 kobolds (D:2)
  3 ball pythons (D:2)
  4 bats
  3 frilled lizards (D:2)
  A rat (D:1)
28 creatures vanquished.

Notes
Turn   | Place    | Note
-------+----------+-------------------------------------------
     0 | D:1      | subawu the Draconian Shapeshifter began the quest for the
                  | Orb.
     0 | D:1      | Reached XP level 1. HP: 16/16 MP: 1/1
    53 | D:1      | Found Qienaikh's Book Emporium.
   487 | D:1      | Found a faded altar of an unknown god.
   489 | D:1      | Prayed at the altar of an unknown god.
   489 | D:1      | Became a worshipper of Sif Muna the Loreminder
   489 | D:1      | Reached * piety under Sif Muna
   717 | D:2      | Reached XP level 2. HP: 8/23 MP: 2/2
  1063 | D:2      | Reached XP level 3. HP: 28/28 MP: 3/3
  1379 | D:3      | Reached XP level 4. HP: 29/35 MP: 4/4
  1383 | D:3      | Slain by an orc priest

Illustrated notes

Levels and vault maps discovered:
D:1:      grunt_arrival_lava_bath, layout_rooms, serial_shops,
          nicolae_shop_hallway_stairs, chequers_ecumenical_altar_twisty,
          serial_rivers, chequers_serial_rivers_micro_b,
          chequers_serial_rivers_small_b, chequers_serial_rivers_small_3,
          chequers_serial_rivers_micro_c, chequers_serial_rivers_small_b,
          chequers_serial_rivers_small_b, hex_medium
D:2:      layout_rooms
D:3:      layout_basic, serial_shops, nicolae_shop_tiny_waterfront, shop,
          kennysheep_path_1

Skill      XL: |  1  2  3 |
---------------+----------+-----
Dodging        | 2 |  2.2
Fighting       | |  1.5
Stealth        | |  0.2
Unarmed Combat | |  3.8
Shapeshifting  | |  3.8

Action                     |  1- 3 |  4- 6 || total
---------------------------+-------+-------++-------
  Melee: Unarmed           |    73 |     4 ||    77
         Punch             |     1 |       ||     1
         Tailslap          |     6 |       ||     6
    Use: Potion            |     1 |       ||     1
 Armour: Skin              |    73 |    10 ||    83
  Dodge: Dodged            |    94 |     6 ||   100

Table legend: (Time is in decaauts)
 A = Elapsed time spent in this place.
 B = Non-inter-level travel time spent in this place.
 C = Inter-level travel time spent in this place.
 D = Time resting spent in this place.
 E = Time spent auto-exploring this place.
 F = Levels seen in this place.
 G = Mean time per level.
                   A        B        C        D        E       F      G
               +--------+--------+--------+--------+--------+-----+--------+
         Total |   1396 |   1345 |     51 |     45 |    728 |   3 |  465.3 |
       Dungeon |   1396 |   1345 |     51 |     45 |    728 |   3 |  465.3 |
               +--------+--------+--------+--------+--------+-----+--------+

Top non-repeatable levels by time:
     D:1: 711 daAuts
     D:2: 659 daAuts
     D:3: 26 daAuts
